 Dungeon Crawl Stone Soup version 0.19.4-8-ga85b6b9 (webtiles) character file.

178 Kosschaser the Chopper (level 5, -1/47 HPs)
             Began as a Draconian Berserker on Feb 14, 2017.
             Was a Believer of Trog.
             Slain by a mummy (16 damage)
             ... in an ossuary.
             The game lasted 00:09:25 (2728 turns).

Kosschaser the Chopper (Draconian Berserker)        Turns: 2728, Time: 00:09:26

Health: -1/47      AC:  5    Str: 20    XL:     5   Next: 32%
Magic:  5/5        EV: 13    Int:  7    God:    Trog [**....]
Gold:   162        SH:  2    Dex: 11    Spells: 0 memorised, 4 levels left

rFire  . . .     SeeInvis .     a - +0 hand axe
rCold  . . .     Gourm    .     (armour unavailable)
rNeg   . . .     Faith    .     (no shield)
rPois  .         Spirit   .     (helmet restricted)
rElec  .         Reflect  +     (no cloak)
rCorr  .         Harm     .     (no gloves)
MR     ++...                    (no boots)
Stlth  +.........               g - +2 amulet of reflection
                                (no ring)
                                (no ring)

@: regenerating
A: unfitting armour, cold-blooded, AC +5
a: Berserk, Trog's Hand, Burn Spellbooks, Renounce Religion


You were in an ossuary.
You worshipped Trog.
Trog was pleased with you.
You were not hungry.

You visited 1 branch of the dungeon, and saw 4 of its levels.
You also visited: Ossuary.

You collected 162 gold pieces.

Inventory:

Hand Weapons
 a - a +0 hand axe (weapon)
Missiles
 f - 110 stones (quivered)
Jewellery
 g - a +2 amulet of reflection (around neck)
 n - an uncursed ring of ice
Scrolls
 e - 2 scrolls of teleportation
 k - a scroll of remove curse
 l - a scroll of magic mapping
 m - a scroll of enchant armour {unknown}
 p - a scroll of fog {unknown}
 q - a scroll of noise {unknown}
 t - a scroll of identify {unknown}
 u - a scroll of amnesia {unknown}
 w - a scroll of recharging {unknown}
Potions
 c - 2 potions of cancellation {unknown}
 d - a potion of curing {unknown}
 j - 3 potions of heal wounds {unknown}
 o - a potion of agility {unknown}
 s - a potion of berserk rage {unknown}
 v - a potion of ambrosia {unknown}
Comestibles
 b - a bread ration
 h - a meat ration
 i - a beef jerky


   Skills:
 + Level 4.4 Fighting
 + Level 4.5 Axes
 + Level 3.7 Dodging
 + Level 0.4 Stealth


You had 4 spell levels left.
You didn't know any spells.

Dungeon Overview and Level Annotations

Branches:
Dungeon (4/15)             Temple (0/1) D:4

Altars:
Ru
Uskayaw
Xom

Annotations:
D:4 Grinder


Innate Abilities, Weirdness & Mutations

Your plain brown scales are hard. (AC +5)
You cannot fit into any form of body armour.
You are cold-blooded and may be slowed by cold attacks.


Message History

You completely miss the gnoll skeleton. The gnoll skeleton misses you.
You hit the mummy but do no damage.
You tail-slap the mummy, but do no damage.
The mummy is moderately damaged.
You completely miss the gnoll skeleton. The mummy hits you!
The gnoll skeleton hits you.
* * * LOW HITPOINT WARNING * * *
You hit the mummy but do no damage.
Your tail-slap misses the mummy.
The mummy is moderately damaged.
You hit the gnoll skeleton. You block the mummy's attack.
You hit the mummy.
The mummy is heavily damaged.
You hit the gnoll skeleton.
The gnoll skeleton hits you but does no damage.
Your skin crawls.
You feel resistant to hostile enchantments.
You feel somewhat more hungry.
The gnoll skeleton completely misses you.
The mummy hits you!
You die...

#...# +...+
#...# #...#
#...# #...#
#MZ.# #.@.#
#...# ##'''##
##.....##
####.......####
#W▓...∩.∩...▓W#
####.......####
##.....##
##...##


You could see a mummy and a gnoll skeleton.

Vanquished Creatures
  A scorpion (D:4)
  A bullfrog skeleton (D:4)
  Ijyb (D:3)
  An adder (D:3)
  A dart slug (D:3)
  A leopard gecko (D:3)
  5 orcs (D:3)
  5 giant cockroaches
  5 goblins
  3 hobgoblins
  3 jackals (D:1)
  9 kobolds
  2 ball pythons
  7 bats
  3 gnoll skeletons (Ossuary)
  4 kobold skeletons (Ossuary)
  A leopard gecko skeleton (D:4)
  An orc skeleton (Ossuary)
  3 rats (D:1)
57 creatures vanquished.

Notes
Turn   | Place    | Note
-------+----------+-------------------------------------------
     0 | D:1      | Kosschaser the Draconian Berserker began the quest for the Orb.
     0 | D:1      | Reached XP level 1. HP: 19/19 MP: 1/1
   193 | D:1      | Reached XP level 2. HP: 26/26 MP: 2/2
  1209 | D:3      | Reached XP level 3. HP: 25/33 MP: 3/3
  1398 | D:3      | Noticed Grinder
  1400 | D:3      | Reached ** piety under Trog
  1567 | D:3      | Noticed Ijyb
  1587 | D:3      | Killed Ijyb
  1587 | D:3      | Reached XP level 4. HP: 36/40 MP: 4/4
  1833 | D:3      | Found a hide-covered altar of Uskayaw.
  1946 | D:3      | Found a sacrificial altar of Ru.
  2266 | D:4      | Found a shimmering altar of Xom.
  2322 | D:4      | Found a staircase to the Ecumenical Temple.
  2346 | D:4      | Reached XP level 5. HP: 15/47 MP: 5/5
  2348 | D:4      | Found a sand-covered staircase.
  2452 | Ossuary  | Entered an ossuary
  2452 | Ossuary  | Noticed a wraith
  2452 | Ossuary  | Noticed a wraith
  2452 | Ossuary  | Noticed a wraith
  2728 | Ossuary  | Slain by a mummy

Skill      XL: |  1  2  3  4 |
---------------+-------------+-----
Dodging        | 3 |  3.7
Fighting       | 4 |  4.4
Axes           | 4 |  4.5
Stealth        | |  0.4

Action                   |  1- 3 |  4- 6 || total
-------------------------+-------+-------++-------
Melee: Hand axe          |   122 |    82 ||   204
       Tailslap          |    13 |    13 ||    26
Throw: Stone             |     6 |     2 ||     8
Invok: Trog's Hand       |       |     2 ||     2
       Berserk           |       |     1 ||     1
  Use: Scroll            |       |     3 ||     3
  Eat: Chunk             |     2 |     2 ||     4
       Bread ration      |       |     1 ||     1
       Royal jelly       |       |     1 ||     1
Armor: Skin              |    27 |    26 ||    53
Dodge: Dodged            |    88 |    68 ||   156
Block: Other             |     5 |     7 ||    12
